 Dungeon Crawl Stone Soup version 0.23-a0-844-gdc03e01 (console) character file.

20 bli the Ducker (level 2, -3/24 HPs)
             Began as a Merfolk Monk on Jan 26, 2019.
             Slain by Sigmund
             ... wielding a +0 scythe
              (12 damage)
             ... on level 2 of the Dungeon.
             The game lasted 00:02:17 (848 turns).

bli the Ducker (Merfolk Monk)                        Turns: 848, Time: 00:02:18

Health: -3/24      AC:  3    Str: 11    XL:     2   Next: 79%
Magic:  2/2        EV: 16    Int:  9    God:
Gold:   77         SH:  6    Dex: 16    Spells: 1/1 levels left

rFire    . . .     SeeInvis .   a - +0 falchion
rCold    . . .     Gourm    .   j - +2 buckler
rNeg     . . .     Faith    .   b - +0 robe
rPois    .         Spirit   .   (no helmet)
rElec    .         Reflect  .   s - +0 cloak (curse)
rCorr    .         Harm     .   (no gloves)
MR       .....                  (no boots)
Stlth    ++........             q - amulet of regeneration
HPRegen  0.48/turn              m - +2 ring of evasion
MPRegen  0.08/turn              (no ring)

@: no status effects
A: change form in water, swift swim, stealthy swim
a: no special abilities


You were on level 2 of the Dungeon.
You were not hungry.

You visited 1 branch of the dungeon, and saw 2 of its levels.

You collected 77 gold pieces.

Inventory:

Hand Weapons
 a - a +0 falchion (weapon)
 t - a +0 hunting sling
Missiles
 d - 22 poisoned needles
 n - 112 stones (quivered)
 o - 7 tomahawks of returning
 u - 6 needles of sleeping
Armour
 b - a +0 robe (worn)
 f - a +0 shield
 g - a +0 leather armour
 i - a +0 ring mail
 j - a +2 buckler (worn)
 s - a cursed +0 cloak (worn)
Jewellery
 m - a +2 ring of evasion (left hand)
 q - an amulet of regeneration (around neck)
Scrolls
 l - 3 scrolls of identify {unknown}
 r - 4 scrolls of immolation {unknown}
Potions
 e - a potion of haste {unknown}
 k - a potion of degeneration {unknown}
 p - a potion of flight {unknown}
Comestibles
 c - 2 rations
 h - a chunk of flesh


   Skills:
 + Level 3.6 Fighting
 + Level 3.6 Long Blades
 * Level 4.4 Dodging
 + Level 2.2 Stealth
 * Level 0.4 Shields


You had one spell level left.
You didn't know any spells.
Your spell library was empty.

Dungeon Overview and Level Annotations

Branches:
Dungeon (2/15)

Altars:

Annotations:
D:2 Sigmund


Message History

You throw a stone. The stone closely misses Sigmund.
Throwing (i - inventory. (/) - cycle)
n - 113 stones (quivered)
Press: ? - help, Shift-Dir - straight line, f/p - Sigmund
Aim: Sigmund, wielding a +0 scythe and wearing a cursed +0 robe You throw a stone.
The stone hits Sigmund.
Sigmund is lightly wounded.
Sigmund barely misses you.
You riposte.
You closely miss Sigmund.
Sigmund is lightly wounded.
You hit Sigmund.
Sigmund is lightly wounded.
Sigmund mumbles some strange words.
Sigmund flickers and vanishes!
Deactivating autopickup; reactivate with Ctrl-A.
You hit something. Something hits you.
You slash something! You closely miss something. Something hits you!
Ouch! That really hurt!
You closely miss something. Something hits you!
Ouch! That really hurt!
You die...

#.... ###.. #####..
#.....# #.....#
#.....#
#############.....#
#..................
#.#################
#.###.....
#>@{(.(.(.
####...... #####


There were no monsters in sight!

Vanquished Creatures
  A dart slug (D:1)
  3 bats
  A giant cockroach (D:1)
  2 goblins (D:1)
  2 hobgoblins
  4 frilled lizards
  2 kobolds (D:1)
  4 rats (D:1)
19 creatures vanquished.

Notes
Turn   | Place    | Note
-------+----------+-------------------------------------------
     0 | D:1      | bli the Merfolk Monk began the quest for the Orb.
     0 | D:1      | Reached XP level 1. HP: 18/18 MP: 1/1
   135 | D:1      | Reached XP level 2. HP: 22/24 MP: 2/2
   838 | D:2      | Noticed Sigmund
   848 | D:2      | Slain by Sigmund

Vault maps used:
D:1:      lemuel_arrival_tunnels
D:2:      yredelemnul_altar_generic, lemuel_round_altar, marbit_many_paths,
          uniq_sigmund

Action                   || total
-------------------------++-------
Melee: Falchion          ||    46
Throw: Stone             ||     3
 Stab: Sleeping          ||     2
Armor: Robe              ||     4
Dodge: Dodged            ||    25
Block: Buckler           ||     7
       Rpst.: Falchion   ||     5

Table legend:
 A = Non-vault XP
 B = Vault XP
 C = Vault XP percentage of total XP
 D = Non-vault monster count
 E = Vault monster count
 F = Vault count percentage of total count
                 A         B        C        D         E       F
            +---------+---------+-------+---------+---------+-------
      Total |      29 |       0 |   0.0 |      19 |       0 |   0.0
            +---------+---------+-------+---------+---------+-------
        D:1 |      25 |       0 |   0.0 |      16 |       0 |   0.0
        D:2 |       4 |       0 |   0.0 |       3 |       0 |   0.0
            +---------+---------+-------+---------+---------+-------
